 Dungeon Crawl Stone Soup version 0.30-a0-778-g2ef04afb54 (webtiles) character file.

Game seed: 630899669535306235

93053 BRD the Bludgeoner (level 15, -11/120 HPs)
             Began as a Demonspawn Gladiator on Feb 16, 2023.
             Was an Initiate of Gozag.
             Mangled by a very large slime creature (36 damage)
             ... on level 12 of the Dungeon.
             The game lasted 01:59:29 (32126 turns).

BRD the Bludgeoner (Demonspawn Gladiator)          Turns: 32126, Time: 01:59:30

Health: -11/120    AC: 30    Str: 22    XL:     15   Next: 59%
Magic:  15/15      EV: 15    Int: 11    God:    Gozag
Gold:   4874       SH:  5    Dex: 20    Spells: 14/14 levels left

rFire   . . .      SeeInvis .    m - +4 war axe "Nuuggim" {heavy, rF- rC++}
rCold   + + .      Faith    .    (no shield)
rNeg    . . .      Spirit   .    T - +2 plate armour {rF+}
rPois   +          Reflect  +    c - +0 helmet
rElec   .          Harm     .    E - +1 cloak
rCorr   +          Rampage  .    (gloves unavailable)
Will    ++...                    Q - +2 pair of boots of the Transmuting Gods {+Blink Will+ Int+2} Stlth
                                 b - amulet "Jyoxo" {Reflect Dex+5 SH+5}
HPRegen 0.40/turn                M - +5 ring of evasion
MPRegen 0.14/turn                r - ring of poison resistance

@: about to teleport, studying 2 skills
A: claws 3, yellow scales 3, demonic guardian 2, demonic magic 1
a: Renounce Religion, Evoke Blink, Potion Petition, Call Merchant, Bribe Branch


You were on level 12 of the Dungeon.
You worshipped Gozag.
Gozag was most pleased with you.
You visited 4 branches of the dungeon, and saw 20 of its levels.
You also visited: Sewer and Bailey.

You collected 8473 gold pieces.
You spent 1190 gold pieces at shops.
You paid 2409 gold pieces to Gozag.

Inventory:

Hand Weapons
 m - the +4 war axe "Nuuggim" (weapon) {heavy, rF- rC++}
   (You found it on level 4 of the Lair of Beasts)

   rF:        It makes you vulnerable to fire.
   rC:        It greatly protects you from cold.
 z - a +2 mace of protection
 H - a +0 morningstar
 J - a +0 arbalest
Missiles
 h - 11 curare-tipped darts
 B - 44 poisoned darts (quivered)
 N - a throwing net
 S - 12 javelins
Armour
 c - a +0 helmet (worn)
 E - a +1 cloak (worn)
 P - a +1 buckler of fire resistance
 Q - the +2 pair of boots of the Transmuting Gods (worn) {+Blink Will+ Int+2}
   (You acquired it on level 9 of the Dungeon)

   Int:       It affects your intelligence (+2).
   +Blink:    It lets you blink.
   Will:      It increases your willpower.
 T - a +2 plate armour of fire resistance (worn)
Jewellery
 b - the amulet "Jyoxo" (around neck) {Reflect Dex+5 SH+5}
   (You acquired it on level 7 of the Dungeon)

   [amulet of reflection]

   It reflects blocked missile attacks.
   Dex:       It affects your dexterity (+5).
   SH:        It affects your SH (+5).
 d - a +4 ring of protection
 r - a ring of poison resistance (right claw)
 s - a +5 ring of evasion
 M - a +5 ring of evasion (left claw)
Wands
 g - a wand of polymorph (9)
 n - a wand of quicksilver (5)
 t - a wand of mindburst (17)
 v - a wand of flame (59)
 K - a wand of roots (11)
 R - a wand of paralysis (8)
Scrolls
 e - 6 scrolls of amnesia
 f - 5 scrolls of fear
 j - 2 scrolls of teleportation
 l - 4 scrolls of enchant weapon
 o - a scroll of poison
 p - 3 scrolls of fog
 x - a scroll of magic mapping
 y - 3 scrolls of butterflies
 F - 3 scrolls of identify
 I - 4 scrolls of immolation
 L - 3 scrolls of vulnerability
Potions
 a - 3 potions of might
 i - a potion of magic
 k - 2 potions of ambrosia
 q - 5 potions of flight
 w - 3 potions of lignification
 A - 3 potions of cancellation
 C - a potion of brilliance
 D - 2 potions of mutation
 G - 7 potions of curing
 O - 2 potions of berserk rage
 U - a potion of heal wounds


   Skills:
 - Level 12.0 Fighting
 + Level 15.1 Maces & Flails
 + Level 13.0 Ranged Weapons
 - Level 2.0 Throwing
 + Level 14.1 Armour
 + Level 5.1 Dodging
 - Level 5.0 Shields
 - Level 4.0 Evocations


You had 14 spell levels left.
You didn't know any spells.
Your spell library contained the following spells:

 Spells                   Type           Power      Damage    Failure   Level
 Sting                    Tmut/Pois      0%         1d3       98%         1
 Cigotuvi's Dreadful Rot  Necr/Pois/Air  0%         N/A       99%         2
 Ensorcelled Hibernation  Hex/Ice        0%         N/A       99%         2
 Poisonous Vapours        Pois/Air       0%         N/A       99%         2
 Frozen Ramparts          Ice            0%         1d1       100%        3
 Gell's Gravitas          Tloc           0%         N/A       100%        3
 Ignite Poison            Fire/Tmut/Pois 0%         N/A       100%        3
 Inner Flame              Hex/Fire       0%         N/A       100%        3
 Kindle Blastsparks       Fire/Tloc/Air  0%         2d10      100%        3
 Portal Projectile        Hex/Tloc       0%         N/A       100%        3
 Spider Form              Tmut/Pois      0%         N/A       100%        3
 Teleport Other           Tloc           0%         N/A       100%        3
 Tukima's Dance           Hex            0%         N/A       100%        3
 Anguish                  Hex/Necr       0%         N/A       100%        4
 Dispel Undead            Necr           0%         3d6       100%        4
 Flame Wave               Conj/Fire      0%         2d4       100%        4
 Ice Form                 Ice/Tmut       0%         N/A       100%        4
 Olgreb's Toxic Radiance  Pois           0%         N/A       100%        4
 Sticky Flame             Conj/Fire      0%         2d3       100%        4
 Summon Ice Beast         Ice/Summ       0%         N/A       100%        4
 Blade Hands              Tmut           0%         N/A       100%        5
 Freezing Cloud           Conj/Ice/Air   0%         6-21      100%        5
 Yara's Violent Unravell  Hex/Tmut       0%         3d3       100%        5
 Death Channel            Necr           0%         N/A       100%        6
 Dispersal                Tloc           0%         N/A       100%        6
 Enfeeble                 Hex            0%         N/A       100%        7
 Borgnjor's Revivificati  Necr           0%         N/A       100%        8
 Necromutation            Tmut/Necr      0%         N/A       100%        8
 Death's Door             Necr           0%         N/A       100%        9


Dungeon Overview and Level Annotations

Branches:
Dungeon (12/15)            Temple (1/1) D:7            Lair (5/5) D:8
  Swamp (0/4) Lair:2       Spider (0/4) Lair:3        Slime (0/5) Lair:4
    Orc (2/2) D:9             Elf (0/3) Orc:2         Sewer (visited)
 Bailey (visited)

Altars:
Ashenzari
Cheibriados
Dithmenos
Fedhas
Gozag
Hepliaklqana
Kikubaaqudgha
Makhleb
Nemelex Xobeh
Okawaru
Qazlal
Ru
Sif Muna
Trog
Uskayaw
Vehumet
Wu Jian
Xom
Yredelemnul
Jiyva

Shops:
D:2 :   D:7 *   Orc:2 [:*?[*

Annotations:
Lair:1 3 runed translucent doors, BRD's ghost, journeyman GnFi
Lair:4 exclusion: oklob plant
Orc:1 Erolcha


Innate Abilities, Weirdness & Mutations

You have claws for hands.
You are completely covered in yellow scales. (AC +4, rCorr)
A demonic guardian rushes to your aid.
Spells you cast may paralyse adjacent enemies.


Message History

You now have 4853 gold pieces (gained 11).
You now have 4874 gold pieces (gained 21).
A cyclops comes into view.
The cyclops shouts!
The slime creature quivers.
Two slime creatures merge to form a large slime creature.
Two slime creatures merge to form a very large slime creature.
The yak bellows!
The cyclops hits you!
You slice the cyclops!!
The cyclops is moderately wounded.
The cyclops barely misses you.
You slice the cyclops!!
The cyclops is almost dead.
The cyclops hits you but does no damage.
You slice the cyclops!!
You kill the cyclops!
The very large slime creature closely misses you.
You slice the very large slime creature!!
The very large slime creature is lightly wounded.
The very large slime creature barely misses you.
The very large slime creature attacks as you move away!
The very large slime creature hits you!!!
The very large slime creature attacks as you move away!
The very large slime creature misses you.
The very large slime creature attacks as you move away!
You block the very large slime creature's attack.
The very large slime creature jiggles.
You barely miss the very large slime creature.
The very large slime creature is lightly wounded.
The very large slime creature hits you but does no damage.
The very large slime creature hits you!!
The very large slime creature attacks as you move away!
The very large slime creature hits you!!
* * * LOW HITPOINT WARNING * * *
As you read the scroll of teleportation, it crumbles to dust.
You feel strangely unstable.
The very large slime creature hits you!!!
You die...
Your body crumbles into a pile of gold.

.C. ...uy #.#J#
#.#T# #.#J# #.#.#
# #.#J#####+##.#
#.#.3........#
#@####....########
#J# ###..........
#Y# #.#########
#.# #.# #.# #$#
#.# #.# #.# #.#
#.# #Y# #.# #.#


You could see a very large slime creature and a yak.

Vanquished Creatures
  A sphinx (D:11)
  Snorg (Orc:1)
  A fire dragon (Lair:5)
  Fannar (Orc:1)
  3 hydras
  A centaur warrior (D:11)
  A catoblepas (Lair:4)
  2 ogre magi
  A death knight (D:11)
  13 two-headed ogres
  4 death yaks
  4 boulder beetles
  A tengu warrior (D:11)
  Sonja (Lair:5)
  2 deep trolls (Orc:1)
  A skeletal warrior (D:11)
  3 skysharks
  A deep elf archer (D:11)
  4 orc knights
  A lindwurm (Lair:5)
  6 orc sorcerers
  2 deep elf pyromancers (D:11)
  2 wolf spiders
  4 ugly things
  5 manticores
  6 cyclopes
  5 black mambas
  5 torpor snails (Lair:5)
  A gargoyle (D:11)
  8 cane toads
  A kobold demonologist (D:11)
  2 rime drakes
  9 komodo dragons
  2 efreet
  13 polar bears
  A tengu conjurer (D:11)
  2 meliai
  10 trolls
  6 hornets (Lair:5)
  3 tyrant leeches (Lair:5)
  19 blink frogs
  7 dream sheep (Lair:5)
  Prince Ribbit (D:5)
  4 raiju (Lair:5)
  5 slime creatures
  4 wraiths
  2 jumping spiders (Lair:3)
  3 shadows
  2 culicivoras (Lair:3)
  5 wyverns
  2 vampires
  9 basilisks
  A fire bat (shapeshifter) (D:10)
  31 yaks
  3 redbacks (Lair:3)
  An acid dragon (D:11)
  10 wargs
  19 water moccasins
  13 hell hounds (Lair:5)
  An ice beast (D:7)
  2 sky beasts (D:6)
  14 black bears
  21 ogres
  31 orc warriors
  6 centaurs
  19 wolves (Lair:5)
  2 phantoms
  5 kobold brigands
  A necrophage (D:6)
  9 bullfrogs
  2 gnoll sergeants
  4 scorpions
  9 wights
  6 howler monkeys
  4 electric eels
  A lava snake (D:11)
  6 hounds (D:7)
  13 orc priests
  4 jellies
  A gnoll bouda (D:7)
  5 iguanas
  17 orc wizards
  A mummy (D:10)
  16 gnolls
  18 adders
  2 river rats (D:5)
  A shadow imp (D:5)
  2 white imps
  An ufetubus (D:4)
  A worm (D:3)
  4 dart slugs
  58 orcs
  7 ball pythons
  8 bats
  7 endoplasms
  A giant cockroach (D:3)
  20 goblins
  16 hobgoblins
  38 kobolds
  2 quokkas
  3 frilled lizards
  9 rats
679 creatures vanquished.

Vanquished Creatures (collateral kills)
  An orc warlord (Orc:2)
  2 death yaks (Lair:2)
  A skyshark (Lair:2)
  A flayed ghost (D:11)
  A black mamba (Lair:1)
  3 cane toads
  A freezing wraith (D:11)
  3 trolls
  A hornet (Lair:5)
  A tyrant leech (Lair:5)
  A dream sheep (shapeshifter) (D:10)
  3 blink frogs
  2 yaks (Lair:2)
  2 vampire mosquitoes (Lair:2)
  2 acid dragons
  An orc warrior (Bailey)
  A black bear (shapeshifter) (D:10)
  An ice beast (D:6)
  A kobold brigand (Sewer)
  A wight (D:8)
  An electric eel (Lair:2)
  3 orc priests
  A gnoll bouda (D:8)
  An orc wizard (D:7)
  An iguana (D:4)
  Ijyb (D:3)
  6 gnolls
  An adder (D:2)
  5 orcs
  A hobgoblin (D:4)
  A kobold (D:9)
  A rat (D:1)
53 creatures vanquished.

Vanquished Creatures (others)
  A kobold brigand (D:11)
  81 fungi
  123 plants
  40 withered plants (Lair:5)
245 creatures vanquished.

Grand Total: 977 creatures vanquished

Notes
Turn   | Place    | Note
-------+----------+-------------------------------------------
     0 | D:1      | BRD the Demonspawn Gladiator began the quest for the Orb.
     0 | D:1      | Reached XP level 1. HP: 16/16 MP: 1/1
    40 | D:1      | Gained mutation: A weak demonic guardian rushes to your
                  | aid. [demonic ancestry]
    40 | D:1      | Reached XP level 2. HP: 4/22 MP: 2/2
   255 | D:1      | Found a faded altar of an unknown god.
   995 | D:2      | Reached skill level 3 in Maces & Flails
  1050 | D:2      | Reached XP level 3. HP: 28/28 MP: 3/3
  1087 | D:2      | Reached skill level 1 in Armour
  1530 | D:2      | Found Uxtaed's Book Shop.
  2010 | D:3      | Gained mutation: You are partially covered in yellow
                  | scales. (AC +2) [demonic ancestry]
  2010 | D:3      | Reached XP level 4. HP: 25/34 MP: 4/4
  2433 | D:3      | Noticed Ijyb
  2445 | D:3      | Killed Ijyb
  2693 | D:4      | Gained mutation: You are mostly covered in yellow scales.
                  | (AC +3) [demonic ancestry]
  2693 | D:4      | Reached XP level 5. HP: 39/41 MP: 5/5
  2829 | D:4      | Found a radiant altar of Vehumet.
  2961 | D:4      | Found an opulent altar of Gozag.
  3027 | D:4      | Became a worshipper of Gozag Ym Sagoz the Greedy
  3159 | D:4      | Reached skill level 4 in Maces & Flails
  3219 | D:4      | Reached XP level 6. HP: 48/48 MP: 6/6
  3475 | D:5      | Entered Level 5 of the Dungeon
  3678 | D:5      | Noticed Prince Ribbit
  3701 | D:5      | Killed Prince Ribbit
  3702 | D:5      | Gained mutation: A demonic guardian rushes to your aid.
                  | [demonic ancestry]
  3702 | D:5      | Reached XP level 7. HP: 36/55 MP: 7/7
  3758 | D:5      | Reached skill level 5 in Fighting
  3758 | D:5      | Reached skill level 5 in Maces & Flails
  3877 | D:5      | Found a glowing drain.
  3883 | Sewer    | Entered a sewer
  4079 | Sewer    | Identified the +1 long sword of Utzauxza {venom, Str+8}
  4324 | D:5      | Gained mutation: You are completely covered in yellow
                  | scales. (AC +4, rCorr) [demonic ancestry]
  4324 | D:5      | Reached XP level 8. HP: 57/62 MP: 8/8
  4331 | D:5      | Reached skill level 5 in Armour
  4394 | D:5      | Reached skill level 6 in Maces & Flails
  4924 | D:6      | Reached skill level 7 in Maces & Flails
  5144 | D:6      | Reached skill level 1 in Shields
  5480 | D:6      | Gained mutation: You have sharp fingernails. [demonic
                  | ancestry]
  5480 | D:6      | Reached XP level 9. HP: 69/69 MP: 9/9
  5821 | D:7      | Found Huamoss's Assorted Antiques.
  5993 | D:7      | Found a flagged portal.
  6026 | D:7      | Reached skill level 8 in Maces & Flails
  6038 | Bailey   | Entered a bailey
  6093 | Bailey   | Reached skill level 1 in Ranged Weapons
  6384 | Bailey   | Noticed an orc knight
  6437 | Bailey   | Killed an orc knight
  7450 | Bailey   | Reached skill level 9 in Maces & Flails
  7508 | Bailey   | Found an iron altar of Okawaru.
  7508 | Bailey   | Noticed an orc sorcerer
  7508 | Bailey   | Paralysed by an orc sorcerer for 5 turns
  7519 | Bailey   | Noticed an orc sorcerer
  7527 | Bailey   | Noticed a hellwing
  7531 | Bailey   | Killed an orc sorcerer
  7532 | Bailey   | Reached XP level 10. HP: 76/76 MP: 10/10
  7630 | Bailey   | Identified the +1 scale mail of Kuzyah {Harm Int+3}
  7660 | Bailey   | Killed an orc sorcerer
  8148 | D:7      | Acquired a manual of Fire Magic
  8150 | D:7      | Acquired a manual of Armour
  8354 | D:7      | Found a blossoming altar of Fedhas.
  8549 | D:7      | Found a staircase to the Ecumenical Temple.
  8558 | Temple   | Entered the Ecumenical Temple
  8792 | D:7      | Found a shimmering altar of Xom.
  9261 | D:7      | Reached skill level 5 in Ranged Weapons
  9533 | D:7      | Bought a pair of embroidered boots for 150 gold pieces
  9862 | D:8      | Noticed a two-headed ogre
  9876 | D:8      | Killed a two-headed ogre
  9959 | D:8      | Found a staircase to the Lair.
 11276 | D:9      | Reached skill level 5 in Shields
 11422 | D:9      | Gained mutation: You have very sharp fingernails. [demonic
                  | ancestry]
 11422 | D:9      | Reached XP level 11. HP: 70/79 MP: 11/11
 11535 | D:9      | Reached skill level 1 in Evocations
 11608 | D:9      | Identified the +4 dagger of Extermination {heavy, Dex+8}
 11681 | D:9      | Reached skill level 10 in Maces & Flails
 12241 | D:9      | Found a sparkling altar of Nemelex Xobeh.
 12337 | D:9      | Found a staircase to the Orcish Mines.
 12595 | D:9      | Acquired the +2 pair of boots of the Transmuting Gods
                  | {+Blink Will+ Int+2}
 12768 | D:10     | Entered Level 10 of the Dungeon
 13116 | D:10     | Noticed a boulder beetle
 13425 | D:10     | Noticed a boulder beetle
 13807 | Lair:1   | Entered Level 1 of the Lair of Beasts
 13819 | Lair:1   | Noticed a skyshark
 13820 | Lair:1   | Found a runed translucent gate.
 13822 | Lair:1   | Found a runed translucent gate.
 13822 | Lair:1   | Noticed BRD's ghost (journeyman GnFi)
 14207 | Lair:1   | Reached skill level 10 in Armour
 14367 | Lair:1   | Noticed a skyshark
 14751 | Lair:2   | Gained mutation: Spells you cast may paralyse adjacent
                  | enemies. [demonic ancestry]
 14751 | Lair:2   | Reached XP level 12. HP: 81/92 MP: 12/12
 14837 | D:7      | Bought a scroll of acquirement for 1040 gold pieces
 14837 | D:7      | Acquired the amulet "Jyoxo" {Reflect Dex+5 SH+5}
 14887 | Lair:1   | Found a runed translucent gate.
 14968 | Lair:2   | Noticed a four-headed hydra
 14988 | Lair:2   | Killed a four-headed hydra
 15127 | Lair:2   | Reached skill level 11 in Maces & Flails
 16252 | Lair:2   | Noticed a death yak
 16261 | Lair:2   | Noticed a death yak
 16267 | Lair:2   | Noticed a death yak
 16268 | Lair:2   | Noticed a death yak
 16273 | Lair:2   | Noticed a death yak
 16275 | Lair:2   | Noticed a death yak
 16278 | Lair:2   | Killed a death yak
 16288 | Lair:2   | Killed a death yak
 16367 | Lair:1   | Killed a death yak
 16667 | Lair:2   | Killed a death yak
 16695 | Lair:2   | Killed a death yak
 16709 | Lair:2   | Killed a death yak
 16995 | Lair:2   | Found a staircase to the Swamp.
 18074 | Lair:3   | Reached skill level 12 in Maces & Flails
 18083 | Lair:3   | Gained mutation: You have claws for hands. [demonic
                  | ancestry]
 18083 | Lair:3   | Reached XP level 13. HP: 98/102 MP: 13/13
 18552 | Lair:3   | Found a hole to the Spider Nest.
 18705 | Lair:3   | Found a shimmering blue altar of Sif Muna.
 19208 | Lair:4   | Found a staircase to the Slime Pits.
 19208 | Lair:4   | Found a viscous altar of Jiyva.
 19275 | Lair:4   | Identified the +4 war axe "Nuuggim" {heavy, rF- rC++}
 19449 | Lair:4   | Reached skill level 10 in Fighting
 20257 | Lair:4   | Found an ornate altar of the Wu Jian Council.
 20784 | Lair:5   | Entered Level 5 of the Lair of Beasts
 21277 | Lair:5   | Found an ornate altar of the Wu Jian Council.
 21277 | Lair:5   | Found a hide-covered altar of Uskayaw.
 21327 | Lair:5   | Noticed Sonja
 21343 | Lair:5   | Killed Sonja
 21576 | Lair:5   | Reached skill level 10 in Ranged Weapons
 21794 | Lair:5   | Identified the +3 ring mail of Prudence {rF+ Str-5 Int+3
                  | Dex+5}
 22275 | Lair:5   | Reached skill level 13 in Maces & Flails
 22777 | Lair:5   | Found a runed translucent door.
 22778 | Lair:5   | Noticed a fire dragon
 22959 | Lair:5   | Reached XP level 14. HP: 113/113 MP: 14/14
 24971 | Orc:1    | Entered Level 1 of the Orcish Mines
 25109 | Orc:1    | Noticed Snorg
 25120 | Orc:1    | Killed Snorg
 25370 | Orc:2    | Entered Level 2 of the Orcish Mines
 26187 | Orc:1    | Reached skill level 14 in Maces & Flails
 26639 | Orc:2    | Found a staircase to the Elven Halls.
 26644 | Orc:2    | Found Mitar's Armour Shoppe.
 26688 | Orc:2    | Paralysed by an ogre mage for 4 turns
 26760 | Orc:1    | Noticed Fannar
 26767 | Orc:1    | Noticed Erolcha
 26771 | Orc:1    | Killed Fannar
 26795 | Orc:2    | Reached skill level 5 in Dodging
 26873 | Orc:2    | Found Folul's General Store.
 26875 | Orc:2    | Found Gewue's Magic Scroll Boutique.
 27222 | Orc:2    | Found Meneon's Book Emporium.
 27410 | Orc:2    | Found Uttuy's Antique Armour Boutique.
 27441 | Orc:2    | Noticed an orc warlord
 27447 | Orc:2    | Reached XP level 15. HP: 65/120 MP: 15/15
 28399 | D:10     | Found an ornate altar of the Wu Jian Council.
 28631 | D:10     | Identified the amulet "Zadiliut" {Faith Str+3}
 29037 | D:10     | Found a snail-covered altar of Cheibriados.
 29165 | D:11     | Noticed a sphinx
 29173 | D:11     | Killed a sphinx
 30591 | D:11     | Reached skill level 15 in Maces & Flails
 32126 | D:12     | Mangled by a very large slime creature

Illustrated notes

Levels and vault maps discovered:
D:1:      heliophobic_arrival_enchanted_forest, layout_basic,
          shapermc_ecumenical_altar_ellora
D:2:      layout_loops_corners, serial_shops, shop_statue,
          wander_ebering_terrifying_dragon_lair
D:3:      cheibrodos_old_hovel, layout_loops_ring, minivault_24,
          kennysheep_another_room, uniq_ijyb
D:4:      layout_loops_cross, old_standard_altar,
          grunt_temple_overflow_gold_and_silver
D:5:      layout_loops_cross, portal_sewer_entry_e, uniq_prince_ribbit1
D:6:      layout_basic, serial_glass, glass_columns_c, glass_columns_b,
          grunt_decor_cap
D:7:      kennysheep_housing_project, layout_rooms, fedhas_ov_isle_minmay,
          mainiacjoe_overflow_alcove_2, minmay_temple_entry_mini_moons,
          serial_shops, shop_coins, enter_bailey_3
D:8:      layout_layer_cave, david_lair_shrubbed, grunt_decor_one_mirror
D:9:      layout_cave_pools, mainiacjoe_overflow_concentric_impassable,
          mainiacjoe_overflow_brackets, david_orc_5
D:10:     minmay_the_grid_triangle_9x9_recursive_2_mashed
          [minmay_the_grid_triangle_9x9_prize_top_heavy,
          minmay_the_grid_triangle_9x9_warning,
          minmay_the_grid_triangle_9x9_odd_lines,
          minmay_the_grid_triangle_9x9_cache], layout_loops_cross,
          lemuel_tele_altar, chei_slow_surprise, nooodl_orcs_dogs
D:11:     layout_long_grid, hangedman_decor_diamond_cutter,
          nicolae_kite_square_tiling_tiny, nicolae_rejected_hall
D:12:     layout_basic, chequers_serial_rivers_small_a, onia_ninara_cookie
Temple:   compressed_dpeg_triangle_lava_temple
Lair:1:   layout_chaotic_city, gammafunk_ghost_split, grunt_megastairs_5
Lair:2:   layout_loops_ring, minmay_swamp_entry_swarm
Lair:3:   minmay_lair_venomous_thicket, layout_cave_shapes,
          nicolae_spider_entry_tight_spaces, basic_altar, lemuel_fruit_fields
Lair:4:   layout_layer_cave, nicolae_slime_entry_slimehenge,
          serial_bayou_ford_a, lemuel_oklob_altar
Lair:5:   wormcave, layout_loops_ring, hangedman_lair_caniforms_friends,
          pdpol_lair_neglected_garden, st_stairs_7,
          nzn_masters_of_martial_movement, uniq_sonja
Orc:1:    layout_caves, uniq_snorg, uniq_erolcha, uniq_fannar
Orc:2:    st_orc_open, layout_caves, serial_shops, shop

Skill      XL: |  1  2  3  4  5  6  7  8  9 10 11 12 13 14 15 |
---------------+----------------------------------------------+-----
Throwing       | 2 |  2.0
Maces & Flails | 3 4 5 7 9 10 12 13 14 15 | 15.1
Dodging        | 3 5 |  5.1
Armour         | 1 2 3 4 5 6 8 10 11 12 13 14 | 14.1
Fighting       | 3 4 5 6 7 9 11 12 | 12.0
Shields        | 2 5 |  5.0
Ranged Weapons | 4 5 7 9 10 12 13 | 13.0
Evocations     | 4 |  4.0

Action                     |  1- 3 |  4- 6 |  7- 9 | 10-12 | 13-15 || total
---------------------------+-------+-------+-------+-------+-------++-------
  Melee: Flail             |   107 |   137 |       |       |       ||   244
         Mace              |       |    24 |   447 |  1244 |   279 ||  1994
         Punch             |       |     1 |     5 |       |    12 ||    18
         Morningstar       |       |       |       |   157 |       ||   157
         War axe           |       |       |       |       |   937 ||   937
   Fire: Arbalest          |       |       |    13 |    16 |    40 ||    69
  Throw: Boomerang         |     2 |     3 |       |       |       ||     5
         Dart              |       |     4 |    51 |   111 |    20 ||   186
         Throwing net      |       |     3 |     3 |     1 |       ||     7
         Javelin           |       |     1 |     4 |    12 |       ||    17
 Invoke: Potion Petition   |       |       |     3 |     2 |       ||     5
         Call Merchant     |       |       |       |       |     1 ||     1
  Evoke: Wand              |       |       |     4 |     6 |    13 ||    23
    Use: Scroll            |       |     4 |     2 |    24 |    12 ||    42
         Potion            |       |     1 |     3 |    11 |     6 ||    21
   Stab: Sleeping          |     1 |       |       |       |       ||     1
         Distracted        |       |       |     2 |     8 |    15 ||    25
         Invisible         |       |       |       |    20 |       ||    20
         Paralysed         |       |       |       |       |     3 ||     3
 Armour: Leather armour    |    33 |       |       |       |       ||    33
         Scale mail        |    21 |       |       |       |       ||    21
         Plate armour      |     3 |   175 |   362 |   691 |   927 ||  2158
         Skin              |       |       |     4 |       |    20 ||    24
  Dodge: Dodged            |    73 |    59 |   166 |   568 |   980 ||  1846
  Block: Buckler           |       |       |       |   520 |   564 ||  1084
         Reflection        |       |       |       |     2 |     6 ||     8
         Other             |       |       |       |       |   187 ||   187

Table legend: (Time is in decaauts)
 A = Elapsed time spent in this place.
 B = Non-inter-level travel time spent in this place.
 C = Inter-level travel time spent in this place.
 D = Time resting spent in this place.
 E = Time spent auto-exploring this place.
 F = Levels seen in this place.
 G = Mean time per level.
                   A        B        C        D        E       F      G
               +--------+--------+--------+--------+--------+-----+--------+
         Total |  32769 |  31341 |   1428 |   7175 |  14840 |  22 | 1489.5 |
       Dungeon |  15826 |  14860 |    966 |   1901 |   9065 |  12 | 1318.8 |
        Temple |    184 |    179 |      5 |      0 |    170 |   1 |  184.0 |
          Lair |  11297 |  10902 |    395 |   3429 |   4007 |   5 | 2259.4 |
  Orcish Mines |   3125 |   3064 |     61 |   1170 |    911 |   2 | 1562.5 |
         Sewer |    366 |    366 |      0 |      0 |    209 |   1 |  366.0 |
        Bailey |   1968 |   1968 |      0 |    674 |    477 |   1 | 1968.0 |
               +--------+--------+--------+--------+--------+-----+--------+

Top non-repeatable levels by time:
  Lair:5: 3962 daAuts
  Lair:2: 2333 daAuts
  Lair:4: 2121 daAuts
    D:11: 2118 daAuts
     D:9: 2078 daAuts
  Bailey: 1968 daAuts
    D:10: 1800 daAuts
  Lair:1: 1672 daAuts
     D:8: 1667 daAuts
   Orc:1: 1643 daAuts
   Orc:2: 1482 daAuts
     D:7: 1431 daAuts
  Lair:3: 1207 daAuts
     D:5: 1139 daAuts
     D:6: 1077 daAuts
